 Dungeon Crawl Stone Soup version 0.19-a0-1195-ge0bab27 (webtiles) character file.

109303 Gelly3 the Timeless (level 16, 0/111 HPs)
             Began as a Merfolk Skald on Aug 19, 2016.
             Was a High Priest of Cheibriados.
             Slain by an ettin (19 damage)
             ... on level 15 of the Dungeon on Aug 20, 2016.
             The game lasted 02:06:09 (25889 turns).

Gelly3 the Timeless (Merfolk Skald)                Turns: 25889, Time: 02:06:10

Health: 0/111      AC: 16    Str: 33    XL:     16   Next: 51%
Magic:  11/25      EV: 24    Int: 26    God:    Cheibriados [*****.]
Gold:   1975       SH:  2    Dex: 35    Spells: 9 memorised, 1 level left

rFire  + . .     SeeInvis .     k - +11 rapier "Bycip" {flame, Str+6}
rCold  + + .     Gourm    .     H - +1 ring mail of Fedhas's Favour {rC+}
rNeg   . . .     Faith    .     (no shield)
rPois  +         Spirit   .     (no helmet)
rElec  .         Dismiss  .     u - +2 cloak
rCorr  .         Reflect  .     (no gloves)
MR     +....     Harm     .     Q - +2 pair of boots
Stlth  ++++++....               N - amulet of regeneration {+regen, !d}
                                f - +4 ring of dexterity
                                q - ring "Neczabb" {rC+ Int+2 Dex-2 Stlth+}

@: very slow
A: change form in water, swift swim, claws 2, icy blue scales 1, large bone
plates 1, rough black scales 1, agile 1, blurry vision 1, deformed body, fire
resistance 1, poison resistance
a: Bend Time, Temporal Distortion, Slouch, Step From Time, Renounce Religion


You were on level 15 of the Dungeon.
You worshipped Cheibriados.
Cheibriados was extremely pleased with you.
You were not hungry.

You visited 4 branches of the dungeon, and saw 23 of its levels.
You also visited: Ice Cave.

You collected 2260 gold pieces.
You spent 285 gold pieces at shops.

Inventory:

Hand Weapons
 a - a +1 falchion of slicing
 h - the +8 whip "Snakebite" {curare, rPois}
   (You found it on level 2 of the Lair of Beasts)

   It poisons the flesh of those it strikes.
   It protects you from poison.
 k - the +11 rapier "Bycip" (weapon) {flame, Str+6}
   (You found it on level 4 of the Dungeon)

   It has been specially enchanted to burn those struck by it, causing extra
   injury to most foes and up to half again as much damage against particularly
   susceptible opponents.
   It affects your strength (+6).
 v - the +0 great mace "Wiwk" {holy, *Drain +Inv rElec rF+++}
   (You found it on level 11 of the Dungeon)

   It has been blessed by the Shining One to cause great damage to the undead
   and demons.
   It renders you almost immune to fire.
   It insulates you from electricity.
   It lets you turn invisible.
   It causes draining when unequipped.
Missiles
 w - 4 throwing nets {=f, !d}
 R - 8 curare-tipped needles
Armour
 u - a +2 cloak (worn)
   (You took it off Crazy Yiuf on level 5 of the Dungeon)
 H - the +1 ring mail of Fedhas's Favour (worn) {rC+}
   (You found it on level 4 of the Lair of Beasts)

   It protects you from cold.
 Q - a +2 pair of boots (worn)
   (You found it on level 1 of the Lair of Beasts)
Magical Staves
 y - an uncursed staff of cold {rC+}
   (You found it on level 11 of the Dungeon)
Jewellery
 f - a +4 ring of dexterity (right claw)
   (You found it on level 1 of the Dungeon)
 q - the ring "Neczabb" (left claw) {rC+ Int+2 Dex-2 Stlth+}
   (You found it in an ice cave)

   [ring of protection from cold]

   It affects your intelligence (+2).
   It affects your dexterity (-2).
   It protects you from cold.
   It makes you more stealthy.
 E - an uncursed ring of positive energy {rN+}
   (You found it on level 12 of the Dungeon)
 N - an amulet of regeneration (around neck) {+regen, !d}
   (You took it off Urug on level 13 of the Dungeon)
 V - an uncursed ring of flight {+Fly, !d}
   (You found it in an ice cave)
 Z - an uncursed amulet of the gourmand {Gourm, !d}
   (You found it on level 2 of the Lair of Beasts)
Wands
 D - a wand of lightning (7/15)
   (You found it on level 14 of the Dungeon)
 I - a wand of paralysis (10/24)
   (You found it on level 12 of the Dungeon)
 M - a wand of digging (7/24)
   (You found it on level 10 of the Dungeon)
 P - a wand of iceblast (9/15)
   (You took it off an orc on level 12 of the Dungeon)
 U - a wand of digging (18/24)
   (You found it on level 6 of the Lair of Beasts)
Scrolls
 e - 5 scrolls of fear
 i - 9 scrolls of identify
 l - a scroll of amnesia
 t - a scroll of enchant weapon
 G - 2 scrolls of teleportation
 K - 2 scrolls of recharging
 O - 2 scrolls of magic mapping {!r}
 T - a scroll of fog
Potions
 g - 16 potions of curing
 m - a potion of invisibility
 n - a potion of might
 o - 7 potions of lignification {!q}
 p - 5 potions of brilliance
 r - 2 potions of flight
 A - 2 potions of agility
 L - a potion of cancellation
 Y - a potion of magic
Books
 x - a book of Spatial Translocations
   (You found it on level 11 of the Dungeon)
 z - Sif Muna's Almanac of Congealing Air
   (You found it on level 11 of the Dungeon)

   Spells                             Type                      Level
   a - Freeze                         Ice                          1
   b - Lightning Bolt                 Conjuration/Air              5
   c - Freezing Cloud                 Conjuration/Ice/Air          6
   d - Ozocubu's Refrigeration        Ice                          6
 X - a book of Maledictions
   (You found it on level 14 of the Dungeon)
Miscellaneous
 b - a lamp of fire
   (You found it on level 6 of the Lair of Beasts)
 J - a box of beasts
Comestibles
 c - a meat ration
 d - 9 bread rations
 s - 3 chunks of flesh
 B - a slice of pizza
 C - a royal jelly
 F - a beef jerky


   Skills:
 - Level 6.1 Fighting
 - Level 10.1 Long Blades
 - Level 6.0 Maces & Flails
 - Level 4.0 Armour
 - Level 10.2 Dodging
 - Level 10.0 Stealth
 - Level 6.0 Spellcasting
 + Level 6.9 Conjurations
 - Level 8.0 Hexes
 - Level 9.0 Charms
 + Level 9.6 Ice Magic
 + Level 6.6 Air Magic
 - Level 12.0 Invocations
 - Level 9.0 Evocations


You had one spell level left.
You knew the following spells:

 Your Spells              Type           Power        Failure   Level  Hunger
a - Infusion              Chrm           ####         1%          1    None
b - Blink                 Tloc           N/A          14%         2    None
c - Freezing Cloud        Conj/Ice/Air   #####.....   69%         6    ######.
d - Tukima's Dance        Hex            #####...     1%          3    None
e - Dazzling Spray        Conj/Hex       #####.       1%          3    None
f - Confuse               Hex            #####...     1%          3    None
r - Regeneration          Chrm/Necr      ####......   4%          3    None
s - Shroud of Golubria    Chrm/Tloc      ####......   1%          2    None
z - Spectral Weapon       Hex/Chrm       ######..     1%          3    None


Dungeon Overview and Level Annotations

Branches:
Dungeon (15/15)            Temple (1/1) D:5            Lair (6/6) D:10
  Swamp (0/4) Lair:2       Spider (0/4) Lair:3        Slime (1/5) Lair:5
    Orc (0/2) D:12         Vaults (0/5) D:13         Depths (0/5) D:15

Altars:
Ashenzari
Cheibriados
Dithmenos
Elyvilon
Fedhas
Gozag
Hepliaklqana
Kikubaaqudgha
Makhleb
Nemelex Xobeh
Okawaru
Qazlal
Ru
Sif Muna
Trog
Uskayaw
Vehumet
Xom
Yredelemnul
Zin
The Shining One
Jiyva
Lugonu

Shops:
D:6 !![   D:8 (   D:10 !

Portals:
Hell: Lair:6

Annotations:
Lair:2 exclusion: oklob plant


Innate Abilities, Weirdness & Mutations

You revert to your normal form in water.
You are very nimble and swift while swimming.
You have very sharp fingernails.
You are partially covered in icy blue scales. (AC +2)
You are partially covered in large bone plates. (AC +2, SH +2)
You are partially covered in rough black scales. (AC +2, Dex -1)
You are agile. (Dex +2)
Scrolls take you a little longer to read.
Armour fits poorly on your strangely shaped body.
Your flesh is heat resistant. (rF+)
Your system is resistant to poisons. (rPois)


Message History

Thar be an 'scape hatch in tha ceilin', spatt'red wit' blood 'ere.
Ye see 'ere 3 mutagenic chunks o' flesh.
Ye cannae carry tha many items.
Okay, than.
Drop what? 52/52 slots (_ fer help) (? fer menu, 'sc ta quit) Ye drop a wand o' iceblast (0/15).
Ye drop a wand o' acid (0/15).
Thar be an 'scape hatch in tha ceilin', spatt'red wit' blood 'ere.
Ye see 'ere 3 mutagenic chunks o' flesh.
j - 3 mutagenic chunks o' flesh Ye start eatin' 'un o' tha 3 mutagenic chunks o' flesh.
Ye continue eatin'. x2
Ye finish eatin'. 'tis meat tastes re'lly weird.
Ye start eatin' 'un o' tha 2 mutagenic chunks o' flesh.
Ye continue eatin'. x2
Ye finish eatin'. 'tis meat tastes re'lly weird.
Ye feel resistant ta heat.
Ye start eatin' tha mutagenic chunk o' flesh.
Ye continue eatin'. x2
Ye finish eatin'. 'tis meat tastes re'lly weird.
Yer body twists an' deforms.
Okay, than.
A flayed ghost comes inta view.
Ye now haf 1921 gold pieces (gain'd 22).
Ye see 'ere a glowin' long sword.
Ye now haf 1935 gold pieces (gain'd 14).
Ye see 'ere 6 javelins o' returnin'.
W - 2 potions o' mutation {!q} (gain'd 1) Re'lly quaff
W - 2 potions o' mutation {!q}?
Ye feel 'stremely strange.
Ye feel resistant ta poisons.
Re'lly quaff
W - a potion o' mutation {!q}?
Ye feel 'stremely strange.
Unknown command.
Ye now haf 1951 gold pieces (gain'd 16).
Ye see 'ere a greatslin'.
Ye see 'ere 24 gold pieces.
Ye now haf 1975 gold pieces (gain'd 24).
Thar be nay items 'ere.
Thar be nay items 'ere.
An ettin opens tha door.
Items 'ere: $ ) ? [ a hand axe; a robe; 2 scrolls o' enchant armour; 41 gold pieces Autopickup be now off.
Autopickup be now on.
Castin': Tukima's Dance Confirm wit' . or Enter, or press ? or * ta list all spells.
Aimin': Tukima's Dance
Press: ? - help, Shift-Dir - straight line, f - ettin
Aim: an ettin, wieldin' a great mace an' a dire flail (chance ta defeat MR: 66%) Tha ettin struggles ta resist.
Tha ettin closely misses ye.
Tha ettin completely misses ye.
Castin': Tukima's Dance Confirm wit' . or Enter, or press ? or * ta list all spells.
Aimin': Tukima's Dance
Press: ? - help, Shift-Dir - straight line, f/p - ettin
Aim: an ettin, wieldin' a great mace an' a dire flail (chance ta defeat MR: 66%) Tha ettin struggles ta resist.
Tha ettin completely misses ye.
Tha ettin hits ye wit' a dire flail!!
Castin': Tukima's Dance Confirm wit' . or Enter, or press ? or * ta list all spells.
Aimin': Tukima's Dance
Press: ? - help, Shift-Dir - straight line, f/p - ettin
Aim: an ettin, wieldin' a great mace an' a dire flail (chance ta defeat MR: 66%) Tha dire flail dances inta tha air!
Castin': Tukima's Dance Confirm wit' . or Enter, or press ? or * ta list all spells.
Aimin': Tukima's Dance
Press: ? - help, Shift-Dir - straight line, f/p - ettin
Aim: an ettin, wieldin' a great mace (chance ta defeat MR: 66%) Tha ettin struggles ta resist.
Ye block tha ettin's attack.
Tha ettin misses ye.
Castin': Tukima's Dance Confirm wit' . or Enter, or press ? or * ta list all spells.
Aimin': Tukima's Dance
Press: ? - help, Shift-Dir - straight line, f/p - ettin
Aim: an ettin, wieldin' a great mace (chance ta defeat MR: 66%) Tha great mace dances inta tha air!
Yer dire flail hits tha ettin.
Tha ettin barely misses ye.
Tha ettin hits ye!!
Unknown command.
Ye barely miss tha ettin.
Tha ettin be lightly wounded.
Tha ettin closely misses ye.
Tha ettin hits ye!
Yer dire flail hits tha ettin.
Unknown command.
Ye hit tha ettin.
Ye burn tha ettin.
Tha ettin be moderately wounded.
Tha ettin completely misses ye. x2
Ye impale tha ettin!!
Ye burn tha ettin.
Tha ettin be heavily wounded.
Yer dire flail hits tha ettin!
Tha ettin barely misses ye.
Tha ettin hits ye!!
* * * LOW HITPOINT WARNIN'
* * * Unknown command.
Evoke which item? (* ta show all) (? fer menu, 'sc ta quit) Zappin':
I - a wand o' paralysis (11/24)
Press: ? - help, Shift-Dir - straight line, f/p - ettin
Aim: an ettin (severely wounded, chance ta defeat MR: 48%) Tha ettin resists wit' some effort. 'tis wand has 10 charges left.
Yer dire flail hits tha ettin!
Tha ettin hits ye but does nay damage.
Tha ettin hits ye!!
Ye die...

..#...#...#...<..# ..
#...#...#...#..<.# ..#.
..#...#...#...<..# ....
.................# ≈$.# #.
###################≈. #.[.
######.###########§# ....(
..#......##≈≈≈≈≈≈≈# #+.....
.#'#.#...##≈§(.§§.##.#+...# o
..#.......#≈...#@C.'#.#+.. #C#.
.#'#...#.##≈...#((.(+#.#+ ....
..#......##≈)##......+#.# )}§$
####.#.#.##§....../<).+# #≈§
'#.##+#+######+#+#(....##§#
...#.#.#{####.#.###(....≈########
#..#......#......#'.)../≈##......
...#...#.#+#..P⌠..#).##?≈##..>...
#..#..#...#..P8P.#'.#...≈##.<.<..


You could see an ettin and 2 friendly dancing weapons.

Vanquished Creatures
  An acid blob (Slime:1)
  A slime creature (D:13)
  A vampire knight (D:15)
  The ghost of one1010 the Cleaver, a journeyman HOFi of the Shining One (D:13)
  The ghost of mag the Earth Mage, a journeyman GrEE of Qazlal (Lair:6)
  Josephine (Lair:4)
  2 yaktaur captains (D:15)
  5 vault guards (D:13)
  A fire dragon (D:15)
  The ghost of Cimanyd the Destroyer, a journeyman TeCj of Sif Muna (Lair:5)
  9 hydras
  2 ice dragons (IceCv)
  A hell beast (Lair:6)
  6 centaur warriors
  2 ogre magi
  Urug (D:13)
  4 tengu warriors
  A deep elf knight (D:13)
  Nergalle (Lair:4)
  10 hill giants
  Pikel (D:5)
  7 wizards
  A wolf spider zombie (D:15)
  2 orc knights (D:15)
  3 deep elf magi (D:15)
  7 cyclopes (D:15)
  6 griffons
  10 ugly things
  A manticore (D:15)
  17 elephants
  A guardian serpent (shapeshifter) (D:15)
  Joseph (D:10)
  7 black mambas
  A torpor snail (Lair:5)
  2 ice statues (IceCv)
  A black mamba (shapeshifter) (D:15)
  2 orange demons (Lair:6)
  A gargoyle (D:12)
  17 spiny frogs
  7 rime drakes
  8 komodo dragons
  2 efreet (D:15)
  2 centaur skeletons (D:14)
  4 ice devils
  A freezing wraith (D:15)
  The ghost of mag the Archer, a novice HEHu of Qazlal (D:6)
  A hellwing (Lair:6)
  3 red devils (Lair:6)
  A polar bear (shapeshifter) (D:15)
  A troll (shapeshifter) (D:15)
  6 trolls
  A polar bear (Lair:4)
  A giant leech (Lair:2)
  2 two-headed ogres
  5 meliai (D:15)
  3 blink frogs (Lair:6)
  A shadow (D:15)
  A centaur simulacrum (D:15)
  Sigmund (D:5)
  2 humans (D:13)
  40 yaks
  6 wyverns
  5 wraiths (Lair:4)
  4 basilisks
  A basilisk (shapeshifter) (D:15)
  8 vampire mosquitoes
  A steam dragon (D:11)
  8 hippogriffs
  Grum (D:10)
  2 hungry ghosts
  Edmund (D:6)
  A soldier ant (D:8)
  3 mottled dragons
  A soldier ant (shapeshifter) (D:15)
  An insubstantial wisp (Lair:6)
  4 hell hounds
  A giant eyeball (Lair:6)
  12 water moccasins
  5 porcupines
  A phantom (D:7)
  5 sky beasts
  A swamp drake (Lair:6)
  A slave (D:5)
  11 orc warriors
  3 black bears
  An eye of draining (Slime:1)
  3 wasps
  3 necrophages (D:9)
  19 ice beasts
  16 wolves
  12 ogres
  13 boggarts
  25 centaurs
  13 crocodiles
  A big kobold (D:13)
  Blork the orc (D:5)
  A wyvern zombie (D:8)
  20 giant frogs
  A gnoll sergeant (D:10)
  3 wyvern skeletons
  4 scorpions
  A water moccasin skeleton (D:5)
  5 killer bees (D:9)
  10 wights
  9 howler monkeys
  6 electric eels
  7 crimson imps
  A giant frog zombie (D:5)
  6 centaur zombies
  A lava snake (D:9)
  A quasit (D:10)
  4 jellies
  8 hounds
  4 orc priests
  7 orc wizards
  2 giant frog skeletons (D:10)
  Crazy Yiuf (D:5)
  13 iguanas
  13 worker ants
  7 sheep (Lair:6)
  2 killer bee zombies
  A hound zombie (D:9)
  4 mummies (D:9)
  A howler monkey zombie (D:7)
  3 gnolls (D:3)
  101 river rats
  17 adders
  4 shadow imps
  An ooze (D:3)
  2 adder zombies (D:9)
  3 adder skeletons
  5 worms
  A dart slug (D:2)
  3 giant geckos
  63 orcs
  4 ball pythons
  8 giant cockroaches
  9 goblins
  7 hobgoblins
  5 jackals
  7 kobolds
  7 quokkas
  A ball python zombie (D:5)
  10 bats
  A giant newt (D:6)
  A quokka skeleton (D:5)
  7 rats
  A plant (Lair:6)
842 creatures vanquished.

Vanquished Creatures (collateral kills)
  A crimson imp (D:11)
1 creature vanquished.

Vanquished Creatures (others)
  A dancing weapon (D:15)
  A two-headed ogre (D:15)
  A centaur (D:15)
  A crimson imp (D:5)
  A shadow imp (D:5)
  15 fungi
  5 plants
  14 spectral weapons
39 creatures vanquished.

Grand Total: 882 creatures vanquished

Notes
Turn   | Place    | Note
-------+----------+-------------------------------------------
     0 | D:1      | Gelly3 the Merfolk Skald began the quest for the Orb.
     0 | D:1      | Reached XP level 1. HP: 16/16 MP: 3/3
   118 | D:1      | Reached XP level 2. HP: 16/22 MP: 5/5
   152 | D:1      | Reached skill level 4 in Charms
   177 | D:1      | Learned a level 2 spell: Shroud of Golubria
   753 | D:2      | Reached XP level 3. HP: 17/27 MP: 2/6
   883 | D:2      | Found a basalt altar of Yredelemnul.
  1026 | D:2      | Reached skill level 5 in Charms
  1033 | D:2      | Learned a level 3 spell: Spectral Weapon
  1077 | D:2      | Reached XP level 4. HP: 33/33 MP: 7/7
  1395 | D:2      | HP: 8/33 [orc/hand axe (6)]
  1664 | D:2      | HP: 8/33 [orc/trident (7)]
  1665 | D:2      | HP: 3/33 [orc/trident (5)]
  1666 | D:2      | HP: 1/33 [orc/trident (2)]
  1716 | D:2      | HP: 6/33 [orc/trident (1)]
  2002 | D:3      | Found a faded altar of an unknown god.
  2067 | D:3      | Reached skill level 6 in Charms
  2067 | D:3      | Reached XP level 5. HP: 25/38 MP: 0/8
  2400 | D:3      | HP: 2/38 [gnoll/halberd (8)]
  2783 | D:4      | Noticed an ogre
  2887 | D:4      | Found a burning altar of Makhleb.
  2902 | D:4      | Reached skill level 3 in Long Blades
  3327 | D:4      | Reached skill level 4 in Long Blades
  3327 | D:4      | Reached XP level 6. HP: 41/44 MP: 2/9
  3329 | D:4      | Found a sacrificial altar of Ru.
  3333 | D:4      | HP: 8/44 [iguana (14)]
  3768 | D:4      | Found a shadowy altar of Dithmenos.
  4191 | D:4      | Reached skill level 5 in Long Blades
  4337 | D:4      | Got a translucent rapier
  4338 | D:4      | Identified the +11 rapier "Bycip" {flame, Str+6} (You found it on level 4 of the Dungeon)
  4512 | D:4      | Reached skill level 3 in Dodging
  4512 | D:4      | Reached XP level 7. HP: 50/50 MP: 4/10
  4550 | D:4      | Found an ancient bone altar of Kikubaaqudgha.
  4570 | D:4      | Found a glowing golden altar of the Shining One.
  4574 | D:4      | Found a burning altar of Makhleb.
  4577 | D:4      | Reached skill level 4 in Dodging
  4716 | D:4      | Reached skill level 5 in Dodging
  4726 | D:5      | Entered Level 5 of the Dungeon
  4744 | D:5      | Reached skill level 6 in Dodging
  4785 | D:5      | Reached skill level 1 in Hexes
  4916 | D:5      | Found a staircase to the Ecumenical Temple.
  4924 | D:5      | Reached skill level 2 in Hexes
  4940 | Temple   | Entered the Ecumenical Temple
  4976 | Temple   | Became a worshipper of Cheibriados the Contemplative
  5023 | D:5      | Found a deep blue altar of Sif Muna.
  5025 | D:5      | Reached XP level 8. HP: 52/56 MP: 11/11
  5032 | D:5      | Noticed Pikel
  5042 | D:5      | Reached skill level 3 in Hexes
  5044 | D:5      | Killed Pikel
  5044 | D:5      | Reached skill level 5 in Hexes
  5045 | D:5      | Reached skill level 6 in Hexes
  5063 | D:5      | Noticed Sigmund
  5069 | D:5      | Killed Sigmund
  5069 | D:5      | Reached skill level 6 in Long Blades
  5137 | D:5      | Found a blossoming altar of Fedhas.
  5152 | D:5      | Found a stormy altar of Qazlal.
  5292 | D:5      | Reached skill level 7 in Long Blades
  5348 | D:5      | Found a hide-covered altar of Uskayaw.
  5365 | D:5      | Noticed Blork the orc
  5371 | D:5      | Killed Blork the orc
  5371 | D:5      | Reached XP level 9. HP: 58/61 MP: 8/12
  5636 | D:5      | Found a runed door.
  5640 | D:5      | Noticed Crazy Yiuf
  5646 | D:5      | Killed Crazy Yiuf
  5800 | D:6      | Found Qeask's Armour Boutique.
  5845 | D:6      | Reached skill level 8 in Long Blades
  6035 | D:6      | Noticed Edmund
  6043 | D:6      | Killed Edmund
  6043 | D:6      | Reached skill level 3 in Fighting
  6086 | D:6      | Found Omawked's Distillery.
  6103 | D:6      | Bought a potion of heal wounds for 55 gold pieces
  6103 | D:6      | Bought a potion of heal wounds for 55 gold pieces
  6149 | D:6      | Reached * piety under Cheibriados
  6390 | D:6      | Found Guihacvy's Distillery.
  6527 | D:6      | Noticed mag's ghost (novice HEHu)
  6733 | D:6      | Reached skill level 4 in Fighting
  6792 | D:6      | Learned a level 3 spell: Regeneration
  6856 | D:4      | Reached skill level 3 in Spellcasting
  6937 | D:6      | Killed mag's ghost
  6937 | D:6      | Reached skill level 4 in Spellcasting
  7003 | D:7      | Reached ** piety under Cheibriados
  7010 | D:7      | Reached skill level 5 in Spellcasting
  7030 | D:7      | Found a hide-covered altar of Uskayaw.
  7158 | D:7      | Reached skill level 6 in Spellcasting
  7244 | D:7      | Reached XP level 10. HP: 72/73 MP: 19/19
  7498 | D:7      | Reached skill level 7 in Dodging
  7667 | D:8      | Found a bloodstained altar of Trog.
  7674 | D:8      | Reached skill level 8 in Dodging
  7717 | D:8      | Found Hesor's Weapon Boutique.
  7779 | D:8      | Found a sparkling altar of Nemelex Xobeh.
  7856 | D:8      | Reached *** piety under Cheibriados
  7886 | D:8      | Reached skill level 9 in Dodging
  8181 | D:9      | Reached skill level 10 in Dodging
  8540 | D:9      | Reached skill level 5 in Fighting
  8585 | D:9      | Reached skill level 6 in Fighting
  8649 | D:9      | Reached skill level 1 in Invocations
  8729 | D:9      | Reached skill level 2 in Invocations
  8816 | D:9      | Reached skill level 3 in Invocations
  8905 | D:9      | Reached **** piety under Cheibriados
  8939 | D:9      | Gained mutation: You are partially covered in rough black scales. (AC +2, Dex -1) [mutagenic meat]
  8945 | D:9      | Gained mutation: You have sharp fingernails. [mutagenic meat]
  8948 | D:9      | Gained mutation: Scrolls take you a little longer to read. [mutagenic meat]
  8979 | D:9      | Reached skill level 4 in Invocations
  8998 | D:10     | Entered Level 10 of the Dungeon
  9006 | D:10     | Noticed Joseph
  9020 | D:10     | Killed Joseph
  9020 | D:10     | Reached skill level 5 in Invocations
  9184 | D:10     | Reached skill level 1 in Evocations
  9184 | D:10     | Reached XP level 11. HP: 80/80 MP: 20/20
  9231 | D:10     | Reached skill level 2 in Evocations
  9232 | D:10     | Found a staircase to the Lair.
  9242 | D:10     | Reached skill level 3 in Evocations
  9398 | D:10     | Reached skill level 4 in Evocations
  9410 | D:10     | Noticed Grum
  9430 | D:10     | HP: 9/80 [Grum/enchanted glaive (28)]
  9643 | D:10     | Noticed a hill giant
  9653 | D:10     | Killed a hill giant
  9653 | D:10     | Reached skill level 5 in Evocations
  9676 | D:10     | Found Guitedet's Distillery.
  9689 | D:10     | Killed Grum
  9696 | D:10     | Bought a potion of mutation for 35 gold pieces
  9696 | D:10     | Bought a potion of heal wounds for 70 gold pieces
  9696 | D:10     | Bought a potion of heal wounds for 70 gold pieces
  9696 | D:10     | Gained mutation: You are robust. (+10% HP) [potion of mutation]
  9696 | D:10     | Gained mutation: You have a pair of small horns on your head. [potion of mutation]
  9869 | D:10     | Reached skill level 6 in Evocations
 10127 | Lair:1   | Entered Level 1 of the Lair of Beasts
 10145 | Lair:1   | Found a shimmering altar of Xom.
 10164 | Lair:1   | Reached ***** piety under Cheibriados
 10164 | Lair:1   | Reached skill level 6 in Invocations
 10277 | Lair:1   | Lost mutation: You are robust. (+10% HP) [potion of mutation]
 10523 | Lair:1   | Reached skill level 7 in Invocations
 11015 | Lair:1   | Reached skill level 8 in Invocations
 11301 | Lair:2   | Noticed a four-headed hydra
 11305 | Lair:2   | Killed a four-headed hydra
 11305 | Lair:2   | Reached skill level 9 in Invocations
 11318 | Lair:2   | Found a frozen archway.
 11356 | IceCv    | Entered an ice cave
 11363 | IceCv    | Reached skill level 7 in Charms
 11365 | IceCv    | Reached XP level 12. HP: 57/88 MP: 16/21
 11397 | IceCv    | Reached skill level 8 in Charms
 12233 | IceCv    | Reached skill level 9 in Charms
 12248 | IceCv    | Noticed an ice dragon
 12251 | IceCv    | Noticed an ice dragon
 12260 | IceCv    | Killed an ice dragon
 12260 | IceCv    | Reached skill level 2 in Stealth
 12263 | IceCv    | Killed an ice dragon
 12263 | IceCv    | Reached skill level 4 in Stealth
 12642 | IceCv    | Got a clouded turquoise ring
 12655 | IceCv    | Identified the ring "Neczabb" {rC+ Int+2 Dex-2 Stlth+} (You found it in an ice cave)
 12904 | Lair:2   | Reached skill level 5 in Stealth
 13033 | Lair:2   | Reached skill level 6 in Stealth
 13053 | Lair:2   | Reached ****** piety under Cheibriados
 13075 | Lair:2   | Found a staircase to the Swamp.
 13149 | Lair:2   | Reached skill level 1 in Armour
 13386 | Lair:2   | Reached skill level 2 in Armour
 13986 | Lair:3   | Reached skill level 1 in Maces & Flails
 13998 | Lair:3   | Reached skill level 2 in Maces & Flails
 14037 | Lair:3   | Reached skill level 3 in Maces & Flails
 14243 | Lair:3   | Reached skill level 4 in Maces & Flails
 14263 | Lair:3   | Reached skill level 5 in Maces & Flails
 14628 | Lair:3   | Found a hole to the Spider Nest.
 14717 | Lair:3   | Reached XP level 13. HP: 82/93 MP: 22/22
 15206 | Lair:4   | Reached skill level 6 in Maces & Flails
 15290 | Lair:4   | Reached skill level 3 in Armour
 15292 | Lair:4   | HP: 18/93 [porcupine (6)]
 15589 | Lair:4   | Got a smoking ring mail
 15600 | Lair:4   | Identified the +1 ring mail of Fedhas's Favour {rC+} (You found it on level 4 of the Lair of Beasts)
 15624 | Lair:4   | Reached skill level 4 in Armour
 15687 | Lair:4   | Noticed Josephine
 15747 | Lair:4   | Noticed Nergalle
 15785 | Lair:4   | Killed Nergalle
 15785 | Lair:4   | Reached skill level 7 in Hexes
 16328 | Lair:4   | Killed Josephine
 16328 | Lair:4   | Reached skill level 8 in Hexes
 16583 | Lair:5   | Reached skill level 7 in Evocations
 16665 | Lair:5   | Reached skill level 8 in Evocations
 16850 | Lair:5   | Noticed Cimanyd's ghost (journeyman TeCj)
 16862 | Lair:5   | Killed Cimanyd's ghost
 17029 | Lair:5   | Found a staircase to the Slime Pits.
 17029 | Lair:5   | Found a viscous altar of Jiyva.
 17060 | Lair:5   | Reached skill level 9 in Evocations
 17532 | Slime:1  | Entered Level 1 of the Pits of Slime
 17532 | Slime:1  | Noticed an acid blob
 17535 | Slime:1  | Killed an acid blob
 17535 | Slime:1  | Reached skill level 8 in Stealth
 17535 | Slime:1  | Reached XP level 14. HP: 100/100 MP: 23/23
 17562 | Lair:6   | Entered Level 6 of the Lair of Beasts
 17592 | Lair:6   | Reached skill level 9 in Stealth
 17736 | Lair:6   | Reached skill level 10 in Stealth
 17811 | Lair:6   | HP: 24/100 [fire crab] (13)]
 18434 | Lair:6   | Noticed mag's ghost (journeyman GrEE)
 18441 | Lair:6   | Killed mag's ghost
 18529 | Lair:6   | Reached skill level 9 in Long Blades
 18872 | Lair:6   | Reached skill level 10 in Long Blades
 19012 | Lair:6   | Reached skill level 10 in Invocations
 19047 | Lair:6   | Found a burning altar of Makhleb.
 19354 | Lair:6   | Found a gateway to Hell.
 19433 | Lair:6   | Reached skill level 11 in Invocations
 19830 | D:11     | Got a shimmering great mace
 19831 | D:11     | Identified the +0 great mace "Wiwk" {holy, *Drain +Inv rElec rF+++} (You found it on level 11 of the Dungeon)
 19867 | D:11     | Learned a level 2 spell: Blink
 19872 | D:11     | Got a jewelled whip
 19873 | D:11     | Identified the +2 whip "Icistos" {venom, *Rage rF+ Str+4 Stlth+} (You found it on level 11 of the Dungeon)
 19876 | D:11     | Got a heavily runed jade ring
 19878 | D:11     | Identified the cursed ring of Onge {EV-2 Str+2} (You found it on level 11 of the Dungeon)
 20032 | D:11     | Identified Sif Muna's Almanac of Congealing Air
 20041 | D:11     | Learned a level 6 spell: Freezing Cloud
 20097 | D:11     | Lost mutation: You have a pair of small horns on your head. [mutagenic meat]
 20103 | D:11     | Gained mutation: You are frail. (-10% HP) [mutagenic meat]
 20539 | D:11     | Reached skill level 12 in Invocations
 20591 | D:11     | Reached skill level 1 in Ice Magic
 20767 | D:11     | Reached skill level 1 in Conjurations
 20846 | D:12     | Reached skill level 1 in Air Magic
 21014 | D:12     | Reached skill level 2 in Ice Magic
 21025 | D:12     | Reached XP level 15. HP: 53/94 MP: 20/24
 21051 | D:12     | Found a staircase to the Orcish Mines.
 21575 | D:13     | Reached skill level 3 in Ice Magic
 21616 | D:13     | Reached skill level 2 in Conjurations
 21976 | D:13     | Noticed one1010's ghost (journeyman HOFi)
 21995 | D:13     | Reached skill level 2 in Air Magic
 22015 | D:13     | HP: 31/141 [one1010's ghost (13)]
 22016 | D:13     | Killed one1010's ghost
 22016 | D:13     | Reached skill level 4 in Ice Magic
 22020 | D:13     | HP: 23/141 [hound (1)]
 22022 | D:13     | Reached skill level 3 in Conjurations
 22026 | D:13     | HP: 10/141 [tengu warrior/war axe[a tengu warrior] (8)]
 22130 | D:13     | HP: 20/94 [centaur/arrow[a centaur warrior] (8)]
 22467 | D:13     | Found a shattered altar of Ashenzari.
 22484 | D:13     | Noticed Urug
 22494 | D:13     | Killed Urug
 22494 | D:13     | Reached skill level 3 in Air Magic
 22775 | D:13     | Found a snail-covered altar of Cheibriados.
 22926 | D:13     | Reached skill level 5 in Ice Magic
 22964 | D:13     | Reached skill level 4 in Conjurations
 22988 | D:13     | Found a gate to the Vaults.
 23003 | D:13     | HP: 19/94 [deep elf knight/short sword of freezing (10)]
 23507 | D:14     | Reached skill level 4 in Air Magic
 23724 | D:14     | Reached skill level 6 in Ice Magic
 23861 | D:14     | Gained mutation: You have very sharp fingernails. [mutagenic meat]
 23867 | D:14     | Lost mutation: You are frail. (-10% HP) [mutagenic meat]
 24011 | D:14     | Gained mutation: You are partially covered in icy blue scales. (AC +2) [mutagenic meat]
 24014 | D:14     | Gained mutation: You are partially covered in large bone plates. (AC +2, SH +2) [mutagenic meat]
 24017 | D:14     | Gained mutation: You are agile. (Dex +2) [mutagenic meat]
 24058 | D:14     | Reached skill level 5 in Conjurations
 24110 | D:15     | Entered Level 15 of the Dungeon
 24172 | D:15     | Gained mutation: Your flesh is heat resistant. (rF+) [mutagenic meat]
 24175 | D:15     | Lost mutation: Your flesh is heat resistant. (rF+) [mutagenic meat]
 24296 | D:15     | Found a snail-covered altar of Cheibriados.
 24297 | D:15     | Found a snail-covered altar of Cheibriados.
 24297 | D:15     | Found a hide-covered altar of Uskayaw.
 24315 | D:15     | Reached skill level 7 in Ice Magic
 24374 | D:15     | Paralysed by a vampire knight for 2 turns
 24394 | D:15     | HP: 15/105 [something (30)]
 24396 | D:15     | Reached skill level 5 in Air Magic
 24625 | D:15     | Reached XP level 16. HP: 111/111 MP: 25/25
 24758 | D:15     | Reached skill level 8 in Ice Magic
 24765 | D:15     | Reached skill level 6 in Conjurations
 24991 | D:15     | Learned a level 3 spell: Tukima's Dance
 24995 | D:15     | Learned a level 3 spell: Dazzling Spray
 24999 | D:15     | Learned a level 3 spell: Confuse
 25039 | D:15     | Reached skill level 6 in Air Magic
 25307 | D:15     | Found a staircase to the Depths.
 25398 | D:15     | Reached skill level 9 in Ice Magic
 25850 | D:15     | Gained mutation: Your flesh is heat resistant. (rF+) [mutagenic meat]
 25853 | D:15     | Gained mutation: Armour fits poorly on your strangely shaped body. [mutagenic meat]
 25869 | D:15     | Gained mutation: Your system is resistant to poisons. (rPois) [potion of mutation]
 25888 | D:15     | HP: 18/111 [ettin (20)]
 25889 | D:15     | Slain by an ettin

Vault maps used:
D:1:      erik_arrival_triangle_small
D:2:      nicolae_overflow_crystal_walls, first_bread, minmay_pentomino_z4
D:3:      ecumenical_altar_1, guppyfry_early_orc_mine
D:4:      lemuel_round_altar, nicolae_overflow_hidden_temple,
          makhleb_blood_cavern_becter
D:5:      grunt_temple_overflow_forces_of_nature, grunt_temple_overflow_open,
          uniq_blork_the_orc, uniq_pikel, uniq_crazy_yiuf_cottage, uniq_sigmund
D:6:      serial_shops, shop_statue, nicolae_shop_waterfront, shop, uniq_edmund
D:7:      basic_altar
D:8:      trog_ov_bears_minmay, nemelex_xobeh_ov_fountains_minmay, serial_shops,
          nicolae_shop_statue_plus, hangedman_pestilent_swarm
D:9:      serial_undead, serial_undead_b, serial_undead_b, serial_undead_f,
          serial_undead_e, serial_undead_e, serial_undead_a, kennysheep_doodads
D:10:     minmay_lair_entry_lava, serial_shops, shop, minivault_11, uniq_joseph,
          uniq_grum
D:11:     minmay_smoke_and_mirrors, serial_bayou_lagoon_a, hex_tiny
D:12:     hiddenorc1_lemuel
D:13:     grunt_vaults_entry_fortified, basic_altar, evilmike_ruin_ashenzari,
          uniq_urug
D:14:     minmay_staircase_bubble
D:15:     hangedman_slaughterboxes
Temple:   corrupted_temple
Lair:1:   basic_altar, beast_lair_carwin_5, grunt_megastairs_4,
          serial_bayou_shore_b, lemuel_fruit_tree
Lair:2:   minmay_guarded_unrand_snakebite, minmay_swamp_entry_worms,
          portal_ice_cave_demonic_guard
Lair:3:   spider_nest_entry_web_field, grunt_forest_large_clearings
Lair:4:   uniq_josephine, uniq_nergalle
Lair:5:   slime_altar_1, kilobyte_rumbling_trees
Lair:6:   evil_forest, pond
IceCv:    ice_cave_small_dragons

Skill      XL: |  1  2  3  4  5  6  7  8  9 10 11 12 13 14 15 16 |
---------------+-------------------------------------------------+-----
Charms         | 4 5 6 7 9 |  9.0
Long Blades    | 4 5 7 8 10 | 10.1
Dodging        | 3 6 10 | 10.2
Hexes          | 2 6 8 |  8.0
Fighting       | 4 6 |  6.1
Spellcasting   | 6 |  6.0
Invocations    | 5 9 12 | 12.0
Evocations     | 1 6 9 |  9.0
Stealth        | 6 8 10 | 10.0
Armour         | 2 4 |  4.0
Maces & Flails | 5 6 |  6.0
Ice Magic      | 2 7 9 |  9.6
Conjurations   | 1 5 6 |  6.9
Air Magic      | 1 5 6 |  6.6

Action                   |  1- 3 |  4- 6 |  7- 9 | 10-12 | 13-15 | 16-18 || total
-------------------------+-------+-------+-------+-------+-------+-------++-------
Melee: Falchion          |   120 |   219 |       |       |       |       ||   339
       Rapier            |       |     3 |   161 |   460 |   874 |   182 ||  1680
       Headbutt          |       |       |       |    92 |   216 |       ||   308
       Whip              |       |       |       |    88 |   219 |    34 ||   341
       Tailslap          |       |       |       |       |    14 |     4 ||    18
 Cast: Shroud of Golubri |     2 |    14 |     5 |    15 |    30 |     2 ||    68
       Spectral Weapon   |       |     9 |     8 |    34 |    39 |     7 ||    97
       Regeneration      |       |       |       |    14 |    27 |       ||    41
       Tukima's Dance    |       |       |       |       |       |    10 ||    10
       Freezing Cloud    |       |       |       |       |       |     2 ||     2
       Dazzling Spray    |       |       |       |       |       |     2 ||     2
Invok: Slouch            |       |       |       |       |     5 |     6 ||    11
Evoke: Wand              |       |       |       |       |    19 |     3 ||    22
  Use: Potion            |       |     5 |       |     6 |     8 |     2 ||    21
       Scroll            |       |    10 |       |     8 |    15 |       ||    33
 Stab: Sleeping          |       |       |     1 |    32 |    56 |     2 ||    91
       Distracted        |       |       |     1 |     7 |    19 |     3 ||    30
       Invisible         |       |       |       |     3 |       |     1 ||     4
       Paralysed         |       |       |       |       |     3 |       ||     3
  Eat: Chunk             |     1 |    14 |     8 |    28 |    28 |     6 ||    85
       Beef jerky        |       |       |     1 |       |       |       ||     1
       Fruit             |       |       |       |     2 |       |       ||     2
Armor: Leather armour    |     3 |       |       |       |       |       ||     3
       Ring mail         |    29 |    39 |       |       |   232 |    91 ||   391
       Skin              |       |    24 |       |       |    55 |       ||    79
       Robe              |       |    11 |    24 |    60 |     9 |       ||   104
Dodge: Dodged            |    82 |   132 |   110 |   521 |  1161 |   328 ||  2334
Block: Other             |       |       |       |       |     3 |    20 ||    23
       Buckler           |       |       |       |       |     1 |       ||     1

Vault maps used:
D:1:      erik_arrival_triangle_small
D:2:      nicolae_overflow_crystal_walls, first_bread, minmay_pentomino_z4
D:3:      ecumenical_altar_1, guppyfry_early_orc_mine
D:4:      lemuel_round_altar, nicolae_overflow_hidden_temple,
          makhleb_blood_cavern_becter
D:5:      grunt_temple_overflow_forces_of_nature, grunt_temple_overflow_open,
          uniq_blork_the_orc, uniq_pikel, uniq_crazy_yiuf_cottage, uniq_sigmund
D:6:      serial_shops, shop_statue, nicolae_shop_waterfront, shop, uniq_edmund
D:7:      basic_altar
D:8:      trog_ov_bears_minmay, nemelex_xobeh_ov_fountains_minmay, serial_shops,
          nicolae_shop_statue_plus, hangedman_pestilent_swarm
D:9:      serial_undead, serial_undead_b, serial_undead_b, serial_undead_f,
          serial_undead_e, serial_undead_e, serial_undead_a, kennysheep_doodads
D:10:     minmay_lair_entry_lava, serial_shops, shop, minivault_11, uniq_joseph,
          uniq_grum
D:11:     minmay_smoke_and_mirrors, serial_bayou_lagoon_a, hex_tiny
D:12:     hiddenorc1_lemuel
D:13:     grunt_vaults_entry_fortified, basic_altar, evilmike_ruin_ashenzari,
          uniq_urug
D:14:     minmay_staircase_bubble
D:15:     hangedman_slaughterboxes
Temple:   corrupted_temple
Lair:1:   basic_altar, beast_lair_carwin_5, grunt_megastairs_4,
          serial_bayou_shore_b, lemuel_fruit_tree
Lair:2:   minmay_guarded_unrand_snakebite, minmay_swamp_entry_worms,
          portal_ice_cave_demonic_guard
Lair:3:   spider_nest_entry_web_field, grunt_forest_large_clearings
Lair:4:   uniq_josephine, uniq_nergalle
Lair:5:   slime_altar_1, kilobyte_rumbling_trees
Lair:6:   evil_forest, pond
IceCv:    ice_cave_small_dragons

Table legend:
 A = Turns spent in this place as a percentage of turns spent in the entire game.
 B = Non-inter-level travel turns spent in this place as a percentage of non-inter-level travel turns spent in the entire game.
 C = Inter-level travel turns spent in this place as a percentage of turns spent in this place.
 D = Turns resting spent in this place as a percentage of non-inter-level travel turns spent in this place.
 E = Turns spent auto-exploring this place as a percentage of non-inter-level travel turns spent in this place.
 F = Non-inter-level travel turns spent in this place divided by the number of levels of this place that you've seen.
                   A       B       C       D       E      F
               +-------+-------+-------+-------+-------+----------------------
         Total | 100.0 | 100.0 |   0.6 |   3.4 |   8.1 | 350.9
       Dungeon |  66.9 |  66.9 |   0.7 |   3.2 |   8.5 | 375.5
        Temple |   0.3 |   0.3 |   4.0 |   0.0 |  41.7 |  24.0
          Lair |  28.5 |  28.5 |   0.7 |   1.7 |   7.7 | 400.0
    Slime Pits |   0.1 |   0.1 |   0.0 |   0.0 |   0.0 |  12.0
      Ice Cave |   4.2 |   4.2 |   0.0 |  18.4 |   2.8 | 353.0
               +-------+-------+-------+-------+-------+----------------------

Table legend:
 A = Kills in this place as a percentage of kills in entire the game.
 B = Kills by you in this place as a percentage of kills by you in the entire game.
 C = Kills by friends in this place as a percentage of kills by friends in the entire game.
 D = Other kills in this place as a percentage of other kills in the entire game.
 E = Experience gained in this place as a percentage of experience gained in the entire game.
 F = Experience gained in this place divided by the number of levels of this place that you have seen.
                   A       B       C       D       E      F
               +-------+-------+-------+-------+-------+----------------------
         Total | 100.0 | 100.0 | 100.0 | 100.0 | 100.0 | 6506.2
       Dungeon |  61.6 |  61.5 | 100.0 | 100.0 |  58.4 | 6083.4
          Lair |  35.7 |  35.8 |   0.0 |   0.0 |  36.5 | 9486.5
    Slime Pits |   0.2 |   0.2 |   0.0 |   0.0 |   1.7 | 2620.0
      Ice Cave |   2.4 |   2.4 |   0.0 |   0.0 |   3.4 | 5358.0
               +-------+-------+-------+-------+-------+----------------------
